 Dungeon Crawl Stone Soup version 0.30-a0-778-g2ef04afb54 (webtiles) character file.

Game seed: 12850662865039517339

4365 BigDaddyOpFi the Covered (level 9, -12/67 (71) HPs)
             Began as a Demigod Fighter on Feb 15, 2023.
             Killed from afar by Josephine (32 damage)
             ... with a ghostly fireball
             ... on level 10 of the Dungeon.
             The game lasted 00:09:58 (9874 turns).

BigDaddyOpFi the Covered (Demigod Fighter)          Turns: 9874, Time: 00:09:58

HP:   -12/67 (71)   AC: 19    Str: 28 (29) XL:     9   Next: 89%
MP:   11/11         EV:  6    Int: 13 (16) God:
Gold: 507           SH:  9    Dex: 11 (13) Spells: 8/8 levels left

rFire   + . .      SeeInvis +    b - +1 war axe (heavy)
rCold   . . .      Faith    .    f - +0 kite shield
rNeg    . . .      Spirit   .    p - +2 plate armour
rPois   .          Reflect  .    B - +0 helmet
rElec   .          Harm     .    (no cloak)
rCorr   .          Rampage  .    j - +0 pair of gloves
Will    .....                    d - +0 pair of boots Stlth
                                 (no amulet)
HPRegen 0.31/turn                l - +6 ring of intelligence
MPRegen 0.12/turn                u - ring of see invisible

@: about to teleport, slowed, drained, unable to read, very slow
A: high MP 1, forlorn, divine attributes, claws 1, talons 1, fire resistance 1,
frail 1, inability to read after injury 1
a: no special abilities


You were on level 10 of the Dungeon.
You visited 1 branch of the dungeon, and saw 10 of its levels.

You collected 507 gold pieces.

Inventory:

Hand Weapons
 a - a +2 war axe
 b - a +1 heavy war axe (weapon)
Armour
 d - a +0 pair of boots (worn)
 f - a +0 kite shield (worn)
 j - a +0 pair of gloves (worn)
 p - a +2 plate armour (worn)
 B - a +0 helmet (worn)
Jewellery
 l - a +6 ring of intelligence (left hand)
 u - a ring of see invisible (right hand)
 z - a ring of positive energy
Wands
 m - a wand of iceblast (3)
 n - a wand of acid (10)
 r - a wand of charming (3)
 s - a wand of polymorph (5)
Scrolls
 e - 2 scrolls of butterflies
 g - 3 scrolls of teleportation
 h - a scroll of amnesia
 o - a scroll of silence
 q - 3 scrolls of poison
 v - a scroll of noise
 w - 2 scrolls of blinking
 y - 3 scrolls of fear
 A - a scroll of magic mapping {unknown}
Potions
 i - 5 potions of curing
 k - 2 potions of brilliance
 t - a potion of magic


   Skills:
 + Level 7.3 Fighting
 + Level 6.9 Axes
 + Level 7.3 Armour
 + Level 7.3 Shields


You had 8 spell levels left.
You didn't know any spells.
Your spell library contained the following spells:

 Spells                   Type           Power      Damage    Failure   Level
 Foxfire                  Conj/Fire      0%         2x1d4     100%        1
 Blink                    Tloc           0%         N/A       100%        2
 Lesser Beckoning         Tloc           0%         N/A       100%        2
 Momentum Strike          Conj/Tloc      0%         3d8       100%        2
 Call Canine Familiar     Summ           0%         N/A       100%        3
 Frozen Ramparts          Ice            0%         1d1       100%        3
 Hailstorm                Conj/Ice       0%         3d3       100%        3
 Portal Projectile        Hex/Tloc       0%         N/A       100%        3
 Ice Form                 Ice/Tmut       0%         N/A       100%        4
 Leda's Liquefaction      Hex/Erth       0%         N/A       100%        4
 Summon Ice Beast         Ice/Summ       0%         N/A       100%        4
 Fireball                 Conj/Fire      0%         3d3       100%        5
 Simulacrum               Ice/Necr       0%         N/A       100%        6
 Starburst                Conj/Fire      0%         6d3       100%        6


Dungeon Overview and Level Annotations

Branches:
Dungeon (10/15)            Temple (0/1) D:4
   Lair: D:8-11         Orc: D:9-12

Shops:
D:7 *

Annotations:
D:10 Josephine


Innate Abilities, Weirdness & Mutations

You have an increased reservoir of magic. (+10% MP)
You shall have no god before yourself.
Your divine heritage dramatically boosts your attributes as you level up.
You have sharp fingernails.
You have sharp toenails.
Your flesh is heat resistant. (rF+)
You are frail. (-10% HP)
You occasionally lose the ability to read scrolls when taking damage.


Message History

A goblin comes into view. It is wielding a +0 spear.
The boulder beetle bites you. You block the goblin's attack.
Your unstable footing causes you to fumble your attack.
The boulder beetle bites you but does no damage.
You block the goblin's attack.
A goblin comes into view. It is wielding a +0 spear.
You block the boulder beetle's attack. The goblin barely misses you.
The goblin moves out of view.
You feel better. The boulder beetle bites you! You block the goblin's attack.
It was a potion of degeneration.
There was something very wrong with that liquid.
You feel weakened.
You feel dopey.
You feel clumsy. The boulder beetle bites you! The goblin closely misses you.
Okay, then.
As you read the scroll of teleportation, it crumbles to dust.
You feel strangely unstable. You block the boulder beetle's attack.
The goblin hits you but does no damage.
The boulder beetle attacks as you move away!
The boulder beetle bites you!
The boulder beetle curls into a ball and begins rolling!
Your surroundings suddenly seem different.
Josephine and 3 wraiths come into view.
Found a kite shield.
Josephine shouts!
You block Josephine's attack.
The wraith hits you but does no damage. x2
The wraith hits you. x2
* * * LOW HITPOINT WARNING * * *
The wraith drains your vigour!
You feel yourself slow down. Josephine hits you but does no damage.
Blink to where?
Press: ? - help, Dir - move target
As you read the scroll of blinking, it crumbles to dust.
Okay, then.
As you read the scroll of teleportation, it crumbles to dust.
You feel strangely unstable.
Josephine points at you and mumbles some strange words.
The ghostly flame explodes!
The ghostly fireball engulfs you!!
You feel drained.
You feel threatened and lose the ability to read scrolls!
You die...

#.........
#......[..
#.........
#.@.......
#...W.....
#W........
#.........
##.#######
#.@#
##....#
####+#
######
###.....
.......
#.....
#.....
#.....


You could see Josephine and a wraith.

Vanquished Creatures
  A hornet (D:8)
  4 yaks (D:9)
  2 wyverns (D:9)
  A steam dragon (D:8)
  2 water moccasins
  2 black bears
  An orc warrior (D:8)
  2 ice beasts
  2 sky beasts
  The ghost of TheSexyCheese the Trooper, an amateur BaFi (D:3)
  A bullfrog (D:7)
  3 scorpions
  A gnoll sergeant (D:8)
  13 wights
  3 quasits (D:4)
  3 jellies
  4 orc priests
  3 hounds
  A gnoll bouda (D:5)
  2 iguanas (D:5)
  7 orc wizards
  17 gnolls
  13 adders
  5 shadow imps
  3 white imps (D:7)
  4 ufetubi
  3 worms
  3 dart slugs
  26 orcs
  7 bats
  4 endoplasms
  6 giant cockroaches
  4 goblins
  6 hobgoblins
  6 jackals (D:3)
  5 kobolds
  6 quokkas
  8 ball pythons
  3 frilled lizards
  8 rats
196 creatures vanquished.

Vanquished Creatures (others)
  A sky beast (D:4)
  An orc wizard (D:8)
2 creatures vanquished.

Grand Total: 198 creatures vanquished

Notes
Turn   | Place    | Note
-------+----------+-------------------------------------------
     0 | D:1      | BigDaddyOpFi the Demigod Fighter began the quest for the
                  | Orb.
     0 | D:1      | Reached XP level 1. HP: 18/18 MP: 3/3
   355 | D:1      | Reached XP level 2. HP: 25/25 MP: 4/4
   903 | D:2      | Reached XP level 3. HP: 16/31 MP: 5/5
  1436 | D:2      | Reached XP level 4. HP: 24/38 MP: 6/6
  2351 | D:3      | Found a runed translucent door.
  2353 | D:3      | Noticed TheSexyCheese's ghost (amateur BaFi)
  2682 | D:3      | Killed TheSexyCheese's ghost
  2683 | D:3      | Reached XP level 5. HP: 46/46 MP: 7/7
  3471 | D:4      | Reached XP level 6. HP: 52/52 MP: 8/8
  3509 | D:4      | Lost dexterity.
  3806 | D:4      | Found a staircase to the Ecumenical Temple.
  4479 | D:5      | Entered Level 5 of the Dungeon
  4480 | D:5      | Gained mutation: You are vulnerable to heat. (rF-) [potion
                  | of mutation]
  4480 | D:5      | Gained mutation: You have sharp toenails. [potion of
                  | mutation]
  4480 | D:5      | Gained mutation: You are frail. (-10% HP) [potion of
                  | mutation]
  4480 | D:5      | Gained mutation: Your movements are slightly less
                  | encumbered by armour. (ER -2) [potion of mutation]
  4481 | D:5      | Lost mutation: You are vulnerable to heat. (rF-) [potion of
                  | mutation]
  4481 | D:5      | Lost mutation: Your movements are slightly less encumbered
                  | by armour. (ER -2) [potion of mutation]
  4481 | D:5      | Gained mutation: You occasionally lose the ability to read
                  | scrolls when taking damage. [potion of mutation]
  4481 | D:5      | Gained mutation: You have sharp fingernails. [potion of
                  | mutation]
  4481 | D:5      | Gained mutation: Your flesh is heat resistant. (rF+)
                  | [potion of mutation]
  4531 | D:5      | Reached XP level 7. HP: 54/54 MP: 9/9
  4902 | D:5      | Reached skill level 5 in Fighting
  4902 | D:5      | Reached skill level 5 in Armour
  4902 | D:5      | Reached skill level 5 in Shields
  5804 | D:6      | Reached XP level 8. HP: 14/61 MP: 10/10
  6646 | D:6      | Reached skill level 5 in Axes
  7178 | D:7      | Found Xigopsoll's General Store.
  7914 | D:7      | Reached XP level 9. HP: 40/65 MP: 11/11
  8685 | D:8      | Paralysed by a hornet for 1 turns
  9737 | D:10     | Entered Level 10 of the Dungeon
  9860 | D:10     | Noticed a boulder beetle
  9870 | D:10     | Noticed Josephine
  9874 | D:10     | Killed from afar by Josephine

Illustrated notes

Levels and vault maps discovered:
D:1:      saegor_arrival_under_anarchy, layout_loops_corners,
          hellmonk_ecumenical_altar_run_dry
D:2:      minmay_door_path, layout_basic, minmay_tall_x
D:3:      layout_loops_ring, ebering_ghost_reflecting_pool
D:4:      layout_basic, minmay_temple_entry_arrows, serial_demonic,
          serial_demonic_b, serial_demonic_a, serial_demonic_g,
          serial_demonic_a, minivault_1, minmay_misc_feat_tiny
D:5:      layout_cave_pods, gammafunk_temple_overflow_wave, dk_noncrumbling_3
D:6:      layout_loops_corners
D:7:      layout_loops_cross, serial_shops, shop
D:8:      layout_cave_pools, kennysheep_potato
D:9:      layout_roguey, serial_corexii_hall, chequers_hall_statues_corner_a,
          chequers_hall_statues_corner_a
D:10:     layout_roguey, nicolae_overflow_hidden_temple, lair_entry_dummy,
          ebering_ghost_xom, enter_bailey_3, minmay_misc_feat_pillars,
          minivault_13, uniq_josephine, uniq_erica, uniq_lodul

Skill      XL: |  1  2  3  4  5  6  7  8  9 |
---------------+----------------------------+-----
Axes           | 2 3 4 5 6 |  6.9
Fighting       | 3 4 5 6 7 |  7.3
Armour         | 3 4 5 6 7 |  7.3
Shields        | 3 4 5 6 7 |  7.3

Action                     |  1- 3 |  4- 6 |  7- 9 || total
---------------------------+-------+-------+-------++-------
  Melee: War axe           |   114 |   233 |   249 ||   596
         Kick              |       |       |    18 ||    18
    Use: Scroll            |       |     7 |    11 ||    18
         Potion            |       |    10 |     8 ||    18
 Armour: Scale mail        |    62 |    24 |       ||    86
         Plate armour      |       |   453 |   238 ||   691
  Dodge: Dodged            |    64 |   128 |    91 ||   283
  Block: Buckler           |    24 |    21 |       ||    45
         Kite shield       |       |    84 |   154 ||   238

Table legend: (Time is in decaauts)
 A = Elapsed time spent in this place.
 B = Non-inter-level travel time spent in this place.
 C = Inter-level travel time spent in this place.
 D = Time resting spent in this place.
 E = Time spent auto-exploring this place.
 F = Levels seen in this place.
 G = Mean time per level.
                   A        B        C        D        E       F      G
               +--------+--------+--------+--------+--------+-----+--------+
         Total |  10907 |  10576 |    331 |   1092 |   7488 |  10 | 1090.7 |
       Dungeon |  10907 |  10576 |    331 |   1092 |   7488 |  10 | 1090.7 |
               +--------+--------+--------+--------+--------+-----+--------+

Top non-repeatable levels by time:
     D:4: 1754 daAuts
     D:7: 1545 daAuts
     D:5: 1452 daAuts
     D:3: 1408 daAuts
     D:6: 1109 daAuts
     D:2: 1084 daAuts
     D:1: 894 daAuts
     D:8: 815 daAuts
     D:9: 699 daAuts
    D:10: 143 daAuts
